 Dungeon Crawl Stone Soup version 0.18-a0-1576-g2b87869 (webtiles) character file.

81020 Banto the Spear-Bearer (level 14, 0/121 HPs)
             Began as a Demigod Wanderer on Mar 17, 2016.
             Killed from afar by a deep elf mage (15 damage)
             ... with a lance of force
             ... on level 12 of the Dungeon.
             The game lasted 00:58:59 (28321 turns).

Banto the Spear-Bearer (Demigod Wanderer)          Turns: 28321, Time: 00:58:59

Health: 0/121      AC: 23    Str: 19    XL:     14   Next: 85%
Magic:  20/20      EV: 25    Int: 15    God:
Gold:   1879       SH:  9    Dex: 30    Spells: 2 memorised, 5 levels left

rFire  . . .     SeeInvis +     C - +1 trident (freeze)
rCold  . . .     Gourm    .     T - +0 ring mail "Zotyitha" {Regen+ Str+3 Stlth+} (curse)
rNeg   . . .     Faith    .     H - +2 buckler
rPois  .         Spirit   .     F - +0 hat of the Land of Plenty {Dex+4}
rElec  .         Dismiss  .     I - +1 cloak
rCorr  .         Reflect  .     b - +0 pair of gloves
SustAt +         Harm     .     s - +2 pair of boots
MR     +....                    B - amulet of magic regeneration
Stlth  +++.......               k - +6 ring of dexterity
                                M - ring of see invisible

@: about to teleport, somewhat resistant to hostile enchantments, fairly
stealthy
A: iridescent scales 1, rough black scales 1, clumsy 1, high mp 1, sense
surroundings 1, sustain attributes
a: no special abilities


You were on level 12 of the Dungeon.
You were not hungry.

You visited 4 branches of the dungeon, and saw 23 of its levels.
You also visited: Labyrinth.

You collected 2835 gold pieces.
You spent 956 gold pieces at shops.

Inventory:

Hand Weapons
 C - a +1 trident of freezing (weapon)
Armour
 b - a +0 pair of gloves (worn)
 q - the +6 large shield "Zateroaj" {+Inv rPois MP+9 Dex-2}
   (You bought it in a shop on level 8 of the Dungeon)

   It affects your dexterity (-2).
   It protects you from poison.
   It affects your magic capacity (+9).
   It lets you turn invisible.
 s - a +2 pair of boots (worn)
 F - the +0 hat of the Land of Plenty (worn) {Dex+4}
   (You found it on level 8 of the Lair of Beasts)

   It affects your dexterity (+4).
 H - a +2 buckler (worn)
 I - a +1 cloak (worn)
 T - the cursed +0 ring mail "Zotyitha" (worn) {Regen+ Str+3 Stlth+}
   (You found it on level 5 of the Lair of Beasts)

   It affects your strength (+3).
   It increases your rate of regeneration.
   It makes you more stealthy.
   It has a curse placed upon it.
Jewellery
 e - an uncursed ring of positive energy
 g - an uncursed ring of protection from fire
 k - a +6 ring of dexterity (right hand)
 B - an amulet of magic regeneration (around neck)
 E - the ring of Vehumet's Pride {rCorr MP+9}
   (You found it on level 2 of the Lair of Beasts)

   [ring of resist corrosion]

   It affects your magic capacity (+9).
 M - a ring of see invisible (left hand)
Wands
 J - a wand of teleportation (4/9)
 U - a wand of digging (8/24)
Scrolls
 c - 6 scrolls of remove curse
 z - 2 scrolls of fog
 A - a scroll of magic mapping
 D - 2 scrolls of enchant armour
 G - 4 scrolls of enchant weapon
 K - 2 scrolls of fear
 N - 5 scrolls of teleportation
 R - a scroll of identify
 V - a scroll of holy word
 X - 3 scrolls of recharging
Potions
 a - 3 potions of curing
 d - 4 potions of might
 h - a potion of berserk rage
 i - 5 potions of heal wounds
 l - 3 potions of invisibility
 o - 2 potions of cure mutation
 p - 3 potions of flight
 r - 3 potions of agility
 x - 5 potions of brilliance
Miscellaneous
 L - a fan of gales
 P - a phantom mirror
 S - a phial of floods
Comestibles
 f - 13 bread rations
 j - 2 chunks of flesh
 m - 3 slices of pizza
 t - 25 fruits
 u - 3 beef jerkies
 v - 5 meat rations
 w - a royal jelly


   Skills:
 - Level 10.0 Fighting
 - Level 14.5 Polearms
 - Level 1.7 Throwing
 + Level 12.5 Armour
 + Level 11.9 Dodging
 - Level 5.0 Shields
 - Level 1.7 Spellcasting
   Level 1.0 Summonings
   Level 1.7 Ice Magic


You had 5 spell levels left.
You knew the following spells:

 Your Spells              Type           Power        Failure   Level  Hunger
a - Silence               Hex/Air        #.........   100%        5    ######.
b - Deflect Missiles      Chrm/Air       #.........   100%        6    #######


Dungeon Overview and Level Annotations

Branches:
Dungeon (12/15)            Temple (0/1) D:4            Lair (8/8) D:11
 Shoals (0/4) Lair:4       Spider (0/4) Lair:6        Slime (1/6) Lair:6
    Orc (2/2) D:9             Elf (0/3) Orc:2

Shops:
D:4 (:[   D:7 ?   D:8 [   Orc:2 :[(*

Portals:
Hell: Lair:8


Innate Abilities, Weirdness & Mutations

You have an increased reservoir of magic (+10% MP).
Your attributes are resistant to harm.
You are partially covered in iridescent scales (AC +4).
You are partially covered in rough black scales (AC +4, Dex -1).
You are clumsy. (Dex -2)
You passively map a small area around you.


Message History

The slime creature dissolves into shadows! x2
The deep elf mage casts a spell at you. The bolt of magma hits you!
* * * LOW HITPOINT WARNING * * *
The fire elemental completely misses you.
The fire elemental misses you.
The deep elf mage gestures at you while chanting.
The sticky flame misses you.
The sticky flame hits the deep elf mage.
The deep elf mage is covered in liquid flames!
An orc comes into view. It is wielding a club.
Unknown command.
Read which item? (? for menu, Esc to quit)
As you read the scroll of teleportation, it crumbles to dust.
You feel strangely unstable.
The orc shouts!
The deep elf mage burns!
The deep elf mage gestures at you while chanting.
The lance of force hits you!
You die...

.# #...# #..# .# #...# #..#
.# #...# #..# .# #...#
#..##### .# #...# #......#
.# ###...###..###.#########
.###.........e.............*
.........#..#e.#..#..#..#..
.....).....e..E.@u.........
###..).....E.).EEe.........*
#.....########')#########
#.|#..# ,#$.e.# , , ,
#.....# ,#.o..#, , ,
#.....#, * #.*eo# #..#..#
,....e. #.....#,,,,.......o,
, ,, #.....# ,.######.. *


You could see a red ugly thing, a deep elf knight, 2 earth elementals, 6 deep
elf magi, 2 fire elementals, an orc wizard (invisible), a battlesphere and 2
orcs.

Vanquished Creatures
  An orc warlord (Orc:1)
  Snorg (Lair:4)
  Josephine (Lair:8)
  A minotaur (Lab)
  A catoblepas (Lair:7)
  Erica (Lair:2)
  2 hydras
  6 orc high priests
  A queen ant (Lair:5)
  6 death yaks
  Nergalle (Lair:1)
  Urug (D:10)
  A sun demon (Lair:8)
  A fire crab (Lair:8)
  A wizard (Lair:8)
  An unseen horror (D:10)
  4 hill giants
  A necromancer (Lair:3)
  5 orc knights
  An oklob plant (Lair:1)
  2 griffons
  2 orc sorcerers
  The ghost of Yendor the Shield-Bearer, a novice FoFi of Okawaru (D:8)
  4 deep elf magi (D:12)
  A cyclops (Orc:2)
  A manticore (D:11)
  2 centaur zombies (D:10)
  A sixfirhy (Lair:8)
  7 elephants
  9 black mambas
  A smoke demon (Lair:8)
  16 spiny frogs
  2 orange demons (Lair:8)
  6 komodo dragons
  5 rime drakes
  2 ice devils (Lair:8)
  4 jumping spiders (Lair:6)
  11 trolls
  A red devil (Lair:8)
  2 polar bears
  2 two-headed ogres
  21 blink frogs
  7 wraiths
  38 yaks
  3 wyverns
  4 basilisks
  A steam dragon (Lair:6)
  9 hippogriffs
  3 hungry ghosts
  2 mottled dragons
  4 wargs
  20 soldier ants (Lair:5)
  17 water moccasins
  4 hell hounds
  Duvessa (D:5)
  17 porcupines
  28 orc warriors
  7 ice beasts
  A necrophage (D:10)
  A sky beast (D:10)
  2 wasps
  2 phantoms
  3 black bears
  3 boggarts (D:12)
  4 centaurs
  13 ogres
  14 wolves (Lair:2)
  18 crocodiles
  27 giant frogs
  A wyvern skeleton (D:11)
  2 scorpions
  Dowan (D:5)
  A water moccasin skeleton (D:9)
  An electric eel (Lair:5)
  14 jellies
  7 howler monkeys
  6 crimson imps
  3 giant frog zombies
  6 hounds
  A quasit (D:8)
  12 orc priests
  A wasp zombie (D:9)
  3 centaur skeletons
  A gnoll shaman (Orc:2)
  3 giant frog skeletons
  Jessica (D:2)
  31 worker ants
  10 iguanas
  26 orc wizards
  2 polar bear simulacra (Lair:3)
  6 yak simulacra (Lair:3)
  10 sheep
  A wolf simulacrum (Lair:3)
  2 howler monkey zombies
  A howler monkey skeleton (D:11)
  5 gnolls (Orc:2)
  15 adders
  68 river rats
  3 shadow imps
  17 oozes
  A worm (D:2)
  A dart slug (D:1)
  5 giant geckos
  74 orcs
  3 ball pythons
  13 bats
  3 giant cockroaches
  5 goblins
  6 hobgoblins
  3 jackals (D:6)
  9 kobolds
  4 quokkas
  7 giant newts
  2 quokka zombies
  7 rats
  2 river rat simulacra (Lair:3)
  3 fungi
803 creatures vanquished.

Vanquished Creatures (collateral kills)
  2 orange demons (Lair:8)
  An ice devil (Lair:8)
3 creatures vanquished.

Vanquished Creatures (others)
  A boggart (D:12)
  16 fungi
  9 plants
26 creatures vanquished.

Grand Total: 832 creatures vanquished

Notes
Turn   | Place    | Note
--------------------------------------------------------------
     0 | D:1      | Banto the Demigod Wanderer began the quest for the Orb.
     0 | D:1      | Banto set off with: a +2 spear, Woiry's Incunabulum of Intoxication, Sif Muna's Disquisition on Clay, a +0 robe, a bread ration
     0 | D:1      | Reached XP level 1. HP: 18/18 MP: 5/5
     0 | D:1      | Identified Woiry's Incunabulum of Intoxication
     0 | D:1      | Identified Sif Muna's Disquisition on Clay
    47 | D:1      | Learned a level 1 spell: Sting
    69 | D:1      | Reached skill level 1 in Polearms
   190 | D:1      | Reached XP level 2. HP: 23/25 MP: 7/7
   289 | D:1      | Reached skill level 2 in Polearms
   843 | D:2      | Noticed Jessica
   850 | D:2      | Killed Jessica
   850 | D:2      | Reached skill level 3 in Polearms
   850 | D:2      | Reached XP level 3. HP: 30/30 MP: 8/8
  1024 | D:2      | Reached XP level 4. HP: 24/37 MP: 9/9
  1492 | D:2      | Found an ancient bone altar of Kikubaaqudgha.
  1498 | D:2      | Found a shimmering altar of Xom.
  1498 | D:2      | Found a snail-covered altar of Cheibriados.
  1498 | D:2      | Found a basalt altar of Yredelemnul.
  1499 | D:2      | Found a blossoming altar of Fedhas.
  1683 | D:3      | Reached skill level 4 in Polearms
  2155 | D:4      | Found Muosat's Antique Armour Shoppe.
  2159 | D:4      | Found Yde Usog's Book Emporium.
  2163 | D:4      | Reached XP level 5. HP: 38/42 MP: 10/10
  2181 | D:4      | Reached skill level 5 in Polearms
  2413 | D:4      | Found a staircase to the Ecumenical Temple.
  2446 | D:4      | Noticed an ogre
  2460 | D:4      | Killed an ogre
  2460 | D:4      | Reached XP level 6. HP: 34/50 MP: 11/11
  2596 | D:4      | Reached skill level 6 in Polearms
  2749 | D:4      | Found Hirrav's Antique Weapon Emporium.
  3022 | D:5      | Entered Level 5 of the Dungeon
  3236 | D:5      | Reached skill level 7 in Polearms
  3236 | D:5      | Reached XP level 7. HP: 52/56 MP: 12/12
  3343 | D:5      | Noticed Dowan
  3344 | D:5      | Noticed Duvessa
  3357 | D:5      | Killed Dowan
  3370 | D:5      | Killed Duvessa
  3675 | D:4      | Bought an ancient leather armour for 182 gold pieces
  3685 | D:4      | Identified the +4 leather armour "Utzeduo" {rPois rF- rN+} (You bought it in a shop on level 4 of the Dungeon)
  3927 | D:5      | Found an opulent altar of Gozag.
  4065 | D:6      | Reached skill level 8 in Polearms
  4116 | D:6      | Found an oddly glowing altar of Pakellas.
  4699 | D:7      | Reached skill level 9 in Polearms
  4699 | D:7      | Reached XP level 8. HP: 58/62 MP: 13/13
  4941 | D:7      | Got a distressingly furry robe
  4952 | D:7      | Identified the +1 robe of Gluttony {+Blink rPois Dex+5} (You found it on level 7 of the Dungeon)
  5005 | D:7      | Found Emihaim's Magic Scroll Shop.
  5007 | D:7      | Bought a scroll of identify for 24 gold pieces
  5007 | D:7      | Bought a scroll of identify for 24 gold pieces
  5007 | D:7      | Bought a scroll of enchant weapon for 90 gold pieces
  5162 | D:7      | Found a shadowy altar of Dithmenos.
  5375 | D:8      | Noticed Yendor's ghost (novice FoFi)
  5421 | D:8      | Reached skill level 10 in Polearms
  5527 | D:8      | Killed Yendor's ghost
  5656 | D:8      | Found Rined's Antique Armour Boutique.
  5778 | D:8      | Reached skill level 11 in Polearms
  5903 | D:8      | Found a stormy altar of Qazlal.
  5919 | D:8      | Reached XP level 9. HP: 68/68 MP: 14/14
  6461 | D:8      | Bought a shiny buckler for 135 gold pieces
  6591 | D:9      | Reached skill level 12 in Polearms
  6623 | D:9      | Reached skill level 1 in Shields
  7646 | D:9      | Found a staircase to the Orcish Mines.
  8338 | D:9      | Reached XP level 10. HP: 75/80 MP: 15/15
  8349 | D:9      | Found a roughly hewn altar of Beogh.
  8466 | D:9      | Reached skill level 1 in Dodging
  8778 | D:10     | Entered Level 10 of the Dungeon
  8851 | D:10     | Reached skill level 5 in Shields
  8868 | D:10     | Reached skill level 1 in Armour
  9536 | D:10     | Reached skill level 5 in Dodging
  9951 | D:11     | Noticed Urug
 10307 | D:10     | Killed Urug
 10547 | D:11     | Reached skill level 5 in Armour
 10547 | D:11     | Reached XP level 11. HP: 65/85 MP: 17/17
 11379 | D:11     | Found a staircase to the Lair.
 11761 | D:11     | Noticed a hill giant
 11797 | D:11     | Killed a hill giant
 11838 | D:11     | Noticed a hill giant
 11847 | D:11     | Killed a hill giant
 12496 | D:8      | Bought a faintly humming large shield for 285 gold pieces
 12506 | D:8      | Identified the +6 large shield "Zateroaj" {+Inv rPois MP+9 Dex-2} (You bought it in a shop on level 8 of the Dungeon)
 12692 | Lair:1   | Entered Level 1 of the Lair of Beasts
 13396 | Lair:1   | Gained mutation: You are partially covered in rough black scales (AC +4, Dex -1). [potion of mutation]
 13396 | Lair:1   | Gained mutation: You are clumsy. (Dex -2) [potion of mutation]
 13396 | Lair:1   | Gained mutation: You are partially covered in iridescent scales (AC +4). [potion of mutation]
 13505 | Lair:1   | Noticed Nergalle
 13564 | Lair:1   | Killed Nergalle
 14078 | Lair:1   | Got a distressingly furry chain mail
 14102 | Lair:1   | Identified the cursed +0 chain mail of the Thirteen Places {Stlth+} (You found it on level 1 of the Lair of Beasts)
 14155 | Lair:1   | Reached XP level 12. HP: 93/93 MP: 18/18
 14797 | Lair:2   | Noticed Erica
 14820 | Lair:2   | Killed Erica
 15019 | Lair:2   | Gained mutation: You passively map a small area around you. [potion of mutation]
 15048 | Lair:2   | Got a heavily runed tin ring
 15050 | Lair:2   | Identified the ring of Vehumet's Pride {rCorr MP+9} (You found it on level 2 of the Lair of Beasts)
 15456 | Lair:2   | Reached skill level 10 in Dodging
 15542 | Lair:2   | Reached skill level 5 in Fighting
 16507 | Lair:3   | Reached skill level 10 in Armour
 17331 | Lair:4   | Noticed Snorg
 17346 | Lair:4   | Killed Snorg
 17807 | Lair:4   | Found a staircase to the Shoals.
 18656 | Lair:5   | Reached XP level 13. HP: 103/107 MP: 19/19
 19748 | Lair:5   | Got a heavily runed ring mail
 19759 | Lair:5   | Identified the cursed +0 ring mail "Zotyitha" {Regen+ Str+3 Stlth+} (You found it on level 5 of the Lair of Beasts)
 20166 | Lair:6   | Found a staircase to the Slime Pits.
 20208 | Lair:6   | Found a labyrinth entrance.
 20228 | Lab      | Entered a labyrinth
 20793 | Lair:6   | Found a hole to the Spider Nest.
 20824 | Lair:6   | Reached skill level 13 in Polearms
 21236 | Slime:1  | Entered Level 1 of the Pits of Slime
 21932 | Lair:7   | Reached skill level 10 in Fighting
 22317 | Lair:8   | Entered Level 8 of the Lair of Beasts
 22517 | Lair:8   | Noticed Josephine
 22640 | Lair:8   | Killed Josephine
 22816 | Lair:8   | Learned a level 5 spell: Silence
 22823 | Lair:8   | Learned a level 6 spell: Deflect Missiles
 22867 | Lair:8   | Reached skill level 14 in Polearms
 23361 | Lair:7   | Reached XP level 14. HP: 103/121 MP: 20/20
 24339 | Lair:8   | Found a burning altar of Makhleb.
 24619 | Lair:8   | Found a gateway to Hell.
 24628 | Lair:8   | Got a steaming hat
 24634 | Lair:8   | Identified the +0 hat of the Land of Plenty {Dex+4} (You found it on level 8 of the Lair of Beasts)
 25000 | Orc:1    | Entered Level 1 of the Orcish Mines
 25810 | Orc:2    | Entered Level 2 of the Orcish Mines
 25836 | Orc:2    | Found Voampump's Antique Weapon Boutique.
 26036 | Orc:2    | Found a staircase to the Elven Halls.
 26047 | Orc:2    | Found Caudgh's Antique Armour Boutique.
 26108 | Orc:1    | Paralysed by an orc sorcerer for 5 turns
 26293 | Orc:2    | Bought a pair of embroidered boots for 108 gold pieces
 26293 | Orc:2    | Bought a runed cloak for 108 gold pieces
 26593 | Orc:2    | Found Xauc Lep's General Store.
 26741 | Orc:2    | Found Gujiedo's Book Emporium.
 26742 | Orc:2    | Found a roughly hewn altar of Beogh.
 26754 | Orc:2    | Noticed an orc warlord
 26927 | Orc:1    | Killed an orc warlord
 27364 | Orc:2    | Found an iron altar of Okawaru.
 28321 | D:12     | Killed from afar by a deep elf mage

Vault maps used:
D:1:      sevenhm_arrival_forest_fort_large_2
D:2:      lemuel_upstairs_altar, minitemple, uniq_jessica
D:3:      first_bread
D:4:      minmay_temple_entry_nine_rooms, serial_shops, shop, shop,
          nicolae_shop_crystal
D:5:      basic_altar, uniq_duvessa
D:6:      lemuel_crystal_altar, hangedman_abyss_or_decor_lesser_grid
D:7:      grunt_dithmenos_smoke, serial_shops, nicolae_shop_trees
D:8:      nicolae_overflow_crystal_walls, serial_shops, shop_fountains
D:9:      minmay_orc_entry_temple_small
D:10:     minmay_misc_feat_hallway
D:11:     minmay_distorted_concentric_squares, minmay_lair_entry_lava, uniq_urug
D:12:     minmay_elf_outpost
Lair:1:   lemuel_slime, uniq_nergalle
Lair:2:   uniq_erica
Lair:3:   eino_house_with_fridge, grunt_megastairs_4
Lair:4:   shoals_dummy_entry, minivault_11, minivault_19, lemuel_fruit_fields,
          grunt_megastairs_3, uniq_snorg
Lair:5:   minivault_29, grunt_megastairs_2, serial_bayou_shore_b,
          infiniplex_staircase_pool
Lair:6:   spider_nest_entry_funnel_web, nicolae_slime_entry_slimehenge,
          lab_entry_generic, bobbens_dragon_lair_wall, serial_bayou_shore_b
Lair:7:   nicolae_lair_grove_arrangements, beast_lair_carwin_5,
          lemuel_fruit_fields
Lair:8:   evil_forest, infiniplex_staircase_pool_2, uniq_josephine
Orc:2:    grunt_orc_gardens, grunt_orc_garden, grunt_orc_garden,
          grunt_orc_garden, grunt_orc_garden, basic_altar,
          okawaru_metal_pillars_3
Lab:      nicolae_lab_dead_adventurers

Skill      XL: |  1  2  3  4  5  6  7  8  9 10 11 12 13 14 |
---------------+-------------------------------------------+-----
Polearms       | 1 3 4 5 7 9 11 12 14 | 14.5
Fighting       | 4 7 10 | 10.0
Shields        | 4 5 |  5.0
Dodging        | 5 9 10 11 | 11.9
Armour         | 5 8 10 12 | 12.5
Throwing       | |  1.7
Spellcasting   | |  1.7
Summonings     | |  1.0
Ice Magic      | |  1.7

Action                   |  1- 3 |  4- 6 |  7- 9 | 10-12 | 13-15 || total
-------------------------+-------+-------+-------+-------+-------++-------
Melee: Spear             |    47 |   162 |   107 |       |       ||   316
       Dagger            |    41 |    16 |       |       |       ||    57
       Trident           |       |       |   398 |  1921 |  2455 ||  4774
 Cast: Sting             |    16 |       |       |       |       ||    16
Evoke: Wand              |       |     5 |     9 |     7 |     1 ||    22
       Fan of gales      |       |       |       |     1 |       ||     1
       Phial of floods   |       |       |       |       |     2 ||     2
  Use: Scroll            |     2 |    10 |     6 |     7 |     8 ||    33
       Potion            |       |       |       |     3 |     4 ||     7
 Stab: Confused          |       |     4 |     4 |       |       ||     8
       Sleeping          |       |       |     1 |       |    11 ||    12
       Invisible         |       |       |       |     1 |       ||     1
       Distracted        |       |       |       |       |     5 ||     5
  Eat: Chunk             |     1 |     6 |    19 |    35 |    30 ||    91
       Royal jelly       |       |       |       |     1 |     2 ||     3
